 Dungeon Crawl Stone Soup version 0.32-a0-996-gb3226c233f (webtiles) character file.

Game seed: 16641935171695740583

512 Twinkles the Sneak (level 7, -3/45 HPs)
             Began as an Octopode Fire Elementalist on Apr 22, 2024.
             Slain by an ogre
             ... wielding a +0 giant club
              (31 damage)
             ... on level 4 of the Dungeon.
             The game lasted 00:19:44 (4286 turns).

Twinkles the Sneak (Octopode Fire Elementalist)     Turns: 4286, Time: 00:19:45

Health: -3/45      AC:  1    Str:  7    XL:     7   Next: 19%
Magic:  5/11       EV: 13    Int: 19    God:
Gold:   274        SH:  0    Dex: 13    Spells: 9/12 levels left

rFire   + . .        i - +0 dagger (elec)
rCold   . . .        (no shield)
rNeg    . . .        (helmet restricted)
rPois   .            (no amulet)
rElec   .            a - ring of protection from fire
rCorr   .            (no ring)
SInv    .            (no ring)
Will    .....        (no ring)
Stlth   ++           (no ring)
HPRegen 0.27/turn    (no ring)
MPRegen 0.12/turn    (no ring)
                     (no ring)

%: no passive effects
@: confused, very slightly contaminated
A: almost no armour, amphibious, 8 rings, camouflage 1, gelatinous body 1,
(nimble swimmer 1), tentacles
a: Convert to Beogh


You were on level 4 of the Dungeon.
You visited 1 branch of the dungeon, and saw 4 of its levels.
You also visited: Sewer.

You collected 274 gold pieces.

Inventory:

Hand Weapons
 b - a +0 short sword
 i - a +0 dagger of electrocution (weapon)
Jewellery
 a - a ring of protection from fire (left tentacle)
Wands
 o - a wand of roots (9)
Scrolls
 c - 2 scrolls of enchant armour {unknown}
 d - 3 scrolls of amnesia {unknown}
 e - a scroll of identify {unknown}
 f - a scroll of vulnerability {unknown}
 j - a scroll of fear {unknown}
 k - a scroll of blinking {unknown}
 l - a scroll of poison {unknown}
 m - 2 scrolls of fog {unknown}
 n - a scroll of immolation {unknown}
Potions
 g - a potion of brilliance {unknown}
 h - a potion of might {unknown}
 p - a potion of invisibility {unknown}
 Q - 2 potions of magic
 T - a potion of berserk rage


   Skills:
 + Level 2.7 Fighting
 + Level 3.4 Dodging
 + Level 5.0 Stealth
 + Level 3.3 Spellcasting
 + Level 2.9 Conjurations
 + Level 4.2 Fire Magic


You had 9 spell levels left.
You knew the following spells:

 Your Spells              Type           Power      Damage    Failure   Level
a - Foxfire               Conj/Fire      64%        2x1d7     3%          1
b - Scorch                Fire           38%        2d6       3%          2

Your spell library contained the following spells:

 Spells                   Type           Power      Damage    Failure   Level
 Inner Flame              Hex/Fire       11%        N/A       19%         3
 Volatile Blastmotes      Fire/Tloc      22%        2d11      19%         3
 Ensorcelled Hibernation  Hex/Ice        6%         N/A       22%         2
 Flame Wave               Conj/Fire      16%        2d7       32%         4
 Call Canine Familiar     Summ           3%         N/A       41%         3
 Passwall                 Erth           3%         N/A       41%         3
 Sigil of Binding         Hex            3%         N/A       41%         3
 Swiftness                Air            3%         N/A       41%         3
 Dimensional Bullseye     Hex/Tloc       1%         N/A       83%         4
 Passage of Golubria      Tloc           3%         N/A       83%         4
 Silence                  Hex/Air        1%         N/A       99%         5
 Lehudib's Crystal Spear  Conj/Erth      4%         10d3      100%        8


Dungeon Overview and Level Annotations

Branches:
Dungeon (4/15) Zot: 20097   Sewer (visited)
 Temple: D:4-7

Altars:
Uskayaw

Shops:
D:1 :   D:4 :

Annotations:
D:3 1 runed translucent door, 1 exclusion, dekiru's ghost, amateur OpCj


Innate Abilities, Weirdness & Mutations

You cannot wear most types of armour.
You are amphibious.
You can wear up to eight rings at the same time.
Your skin changes colour to match your surroundings (Stealth+).
Your rubbery body absorbs attacks. (AC +1, EV +1)
((You are camouflaged when in or above water. (Stealth+)))
You have tentacles for arms and can constrict up to eight enemies at once.


Message History

The orc wizard casts a spell.
The orc wizard flickers and vanishes!
Deactivating autopickup; reactivate with Ctrl-A.
You see here 5 stones.
The orc wizard is no longer more vulnerable to fire.
The orc priest looks braver for a moment.
The orc wizard attacks as it pursues you!
The orc wizard barely misses you.
The orc wizard attacks as it pursues you!
The orc wizard hits you with a +0 dagger.
The orc wizard points at you and mumbles some strange words.
The magic dart hits you.
Casting: Foxfire (safe; 3% risk of failure)
Confirm with . or Enter, or press ? or * to list all spells.
You miscast Scorch.
You are very lightly contaminated with residual magic.
Nothing appears to happen.
Casting: Scorch (safe; 3% risk of failure)
Confirm with . or Enter, or press ? or * to list all spells.
Flames lash the ogre.
The ogre is lightly wounded.
The ogre's fire resistance burns away.
You hear a shout!
The orc wizard completely misses you.
Casting: Foxfire (safe; 3% risk of failure)
Press: ? - help, Q - select action, (/) - cycle Dir - look around, f - activate You conjure some foxfire!
The orc wizard points at you and mumbles some strange words.
You are confused.
Okay, then.
Unknown command.
You're too confused to move!
The ogre is no longer more vulnerable to fire.
The foxfire hits the ogre.
The ogre is moderately wounded.
The foxfire hits the ogre.
The ogre is heavily wounded.
The ogre hits you with a +0 giant club!!
Ouch! That really hurt!
You die...

#.....# #.....# #.....#
#.....# ####.....#
###..{.....# #...##...>.#
#### #o####oO...# ### ...#
###.# #o.@..# #.# ...#
##.O.# #.....# #.##
...###.o### ###.###
##..##### ...##..## #<.#
#.......# ......## #.##
######.#####..
...############.#
#.....^####..# ...##
#......##.# #.....###..g.#
.<..#
#......##.####.....###.##.#
....#
#..≈≈.≈≈†.##...........##..


You could see an ogre, an orc priest and an orc wizard.

Vanquished Creatures
  A crocodile (Sewer)
  A brain worm (Sewer)
  A scorpion (D:4)
  2 bombardier beetles (D:3)
  An orc priest (D:3)
  Crazy Yiuf (D:2)
  Robin (D:4)
  4 gnolls
  5 adders
  A ribbon worm (D:4)
  A dart slug (D:3)
  4 orcs
  9 ball pythons
  11 bats
  3 endoplasms
  3 giant cockroaches
  14 goblins
  3 hobgoblins
  3 quokkas
  2 frilled lizards
  4 kobolds
  8 rats
83 creatures vanquished.

Vanquished Creatures (others)
  195 foxfires
195 creatures vanquished.

Grand Total: 278 creatures vanquished

Notes
Turn   | Place    | Note
-------+----------+-------------------------------------------
     0 | D:1      | Twinkles the Octopode Fire Elementalist began the quest for
                  | the Orb.
     0 | D:1      | Reached XP level 1. HP: 11/11 MP: 3/3
   186 | D:1      | Reached XP level 2. HP: 18/18 MP: 3/5
   251 | D:1      | Found Headoik's Book Shoppe.
   263 | D:1      | Reached skill level 3 in Stealth
   664 | D:2      | Reached XP level 3. HP: 22/22 MP: 4/6
   770 | D:2      | Reached skill level 1 in Fighting
  1219 | D:2      | Found a runed translucent door.
  1220 | D:2      | Noticed Crazy Yiuf
  1511 | D:2      | Learned a level 2 spell: Scorch
  1696 | D:2      | HP: 7/23 [Crazy Yiuf/+2 quarterstaff of chaos (7)]
  1697 | D:2      | Killed Crazy Yiuf
  1698 | D:2      | Reached XP level 4. HP: 9/28 MP: 1/7
  1963 | D:3      | Found a glowing drain.
  1990 | Sewer    | Entered a sewer
  2063 | Sewer    | Noticed a brain worm
  2123 | Sewer    | Killed a brain worm
  2124 | Sewer    | Reached skill level 4 in Stealth
  2124 | Sewer    | Reached XP level 5. HP: 34/34 MP: 1/9
  2241 | Sewer    | Noticed a crocodile
  2264 | Sewer    | Killed a crocodile
  2265 | Sewer    | Reached XP level 6. HP: 39/39 MP: 2/10
  2391 | D:3      | Found a runed translucent door.
  2395 | D:3      | Noticed dekiru's ghost (amateur OpCj)
  3165 | D:3      | Found a hide-covered altar of Uskayaw.
  3706 | D:4      | Noticed Robin
  3714 | D:4      | Killed Robin
  3862 | D:4      | Reached XP level 7. HP: 45/45 MP: 3/11
  3956 | D:4      | Found Kecas's Self-Improvement Boutique.
  3995 | D:4      | Reached skill level 5 in Stealth
  4286 | D:4      | Slain by an ogre

Illustrated notes

Levels and vault maps discovered:
D:1:      dpeg_arrival_shelter, layout_rooms, serial_shops, nicolae_shop_trees
D:2:      layout_basic, hex_large, uniq_crazy_yiuf_cottage
D:3:      layout_basic, lemuel_crystal_altar, portal_sewer_entry_d,
          ebering_ghost_reflecting_pool
D:4:      layout_rooms, nicolae_shop_self_help, uniq_robin, uniq_menkaure

Skill      XL: |  1  2  3  4  5  6  7 |
---------------+----------------------+-----
Stealth        | 3 4 5 |  5.0
Fighting       | 1 2 |  2.7
Conjurations   | 2 |  2.9
Dodging        | 3 |  3.4
Spellcasting   | 3 |  3.3
Fire Magic     | 4 |  4.2

Action                     |  1- 3 |  4- 6 |  7- 9 || total
---------------------------+-------+-------+-------++-------
  Melee: Unarmed           |     4 |       |       ||     4
         Constrict         |     7 |     6 |       ||    13
         Short sword       |     8 |       |       ||     8
         Dagger            |     7 |    16 |       ||    23
         Tentacles         |     2 |     5 |       ||     7
   Cast: Foxfire           |    42 |    59 |    15 ||   116
         Scorch            |     1 |    22 |     5 ||    28
   Stab: Sleeping          |       |     2 |       ||     2
 Armour: Skin              |     6 |    19 |     5 ||    30
  Dodge: Dodged            |     9 |    18 |     5 ||    32

Table legend: (Time is in decaauts)
 A = Elapsed time spent in this place.
 B = Non-inter-level travel time spent in this place.
 C = Inter-level travel time spent in this place.
 D = Time resting spent in this place.
 E = Time spent auto-exploring this place.
 F = Levels seen in this place.
 G = Mean time per level.
                   A        B        C        D        E       F      G
               +--------+--------+--------+--------+--------+-----+--------+
         Total |   4287 |   4113 |    174 |    414 |   2838 |   5 |  857.4 |
       Dungeon |   3901 |   3727 |    174 |    343 |   2663 |   4 |  975.2 |
         Sewer |    385 |    385 |      0 |     71 |    175 |   1 |  385.0 |
               +--------+--------+--------+--------+--------+-----+--------+

Top non-repeatable levels by time:
     D:3: 1584 daAuts
     D:2: 1166 daAuts
     D:1: 649 daAuts
     D:4: 501 daAuts
   Sewer: 385 daAuts
